 Dungeon Crawl Stone Soup version 0.27.1 (webtiles) character file.

Game seed: 4270961627757093320

193 Destapler the Basher (level 5, -20/41 HPs)
             Began as a Gnoll Wanderer on Aug 24, 2021.
             Was a Follower of Dithmenos.
             Demolished by an ogre (25 damage)
             ... on level 3 of the Dungeon.
             The game lasted 00:05:45 (2390 turns).

Destapler the Basher (Gnoll Wanderer)               Turns: 2390, Time: 00:05:47

Health: -20/41     AC: 12    Str:  9 (11) XL:     5   Next: 72%
Magic:  7/7        EV:  8    Int: 10 (13) God:    Dithmenos [*.....]
Gold:   140        SH:  0    Dex:  8 (11) Spells: 7/7 levels left

rFire    . . .     SeeInvis .   a - +6 falchion (protect)
rCold    . . .     Faith    .   (no shield)
rNeg     + . .     Spirit   .   c - +2 scale mail
rPois    .         Reflect  .   q - +0 helmet
rElec    .         Harm     .   (no cloak)
rCorr    +         Rampage  .   e - +0 pair of gloves
Will     .....                  (no boots)
Stlth    +.........             (no amulet)
HPRegen  0.13/turn              i - ring of positive energy
MPRegen  0.10/turn              j - ring of resist corrosion

@: brilliant, wreathed by umbra
A: fangs 1, strong nose, distributed training
a: Renounce Religion


You were on level 3 of the Dungeon.
You worshipped Dithmenos.
Dithmenos was aware of your devotion.
You visited 1 branch of the dungeon, and saw 3 of its levels.

You collected 140 gold pieces.

Inventory:

Hand Weapons
 a - a +6 falchion of protection (weapon)
 b - a +2 dagger of venom
 s - a +0 club
Missiles
 p - 12 poisoned darts (quivered)
Armour
 c - a +2 scale mail (worn)
 e - a +0 pair of gloves (worn)
 q - a +0 helmet (worn)
 r - a +0 tower shield
Jewellery
 i - a ring of positive energy (left hand)
 j - a ring of resist corrosion (right hand)
 k - a ring of wizardry
 m - a ring of wizardry
 t - an amulet of faith
Scrolls
 d - 2 scrolls of amnesia
 g - a scroll of identify {unknown}
 n - a scroll of vulnerability {unknown}
Potions
 f - a potion of brilliance
 o - 6 potions of curing


   Skills:
 + Level 3.0 Fighting
 + Level 1.6 Short Blades
 + Level 1.6 Long Blades
 + Level 1.6 Axes
 + Level 8.6 Maces & Flails
 + Level 1.6 Polearms
 + Level 1.6 Staves
 + Level 1.6 Slings
 + Level 1.6 Bows
 + Level 1.6 Crossbows
 + Level 1.6 Throwing
 + Level 6.7 Armour
 + Level 1.6 Dodging
 + Level 2.8 Stealth
 + Level 3.0 Shields
 + Level 1.6 Unarmed Combat
 + Level 1.6 Spellcasting
 + Level 1.2 Conjurations
 + Level 1.2 Hexes
 + Level 1.2 Summonings
 + Level 1.2 Necromancy
 + Level 1.2 Translocations
 + Level 1.2 Transmutations
 + Level 1.2 Fire Magic
 + Level 1.2 Ice Magic
 + Level 1.2 Air Magic
 + Level 1.2 Earth Magic
 + Level 1.2 Poison Magic
 + Level 1.8 Invocations
 + Level 1.6 Evocations


You had 7 spell levels left.
You didn't know any spells.
Your spell library was empty.

Dungeon Overview and Level Annotations

Branches:
Dungeon (3/15)

Altars:
Dithmenos
Xom

Shops:
D:2 *

Annotations:
D:3 1 transporter, qnok's ghost, amateur DgFi


Innate Abilities, Weirdness & Mutations

You have very sharp teeth.
Your uncanny sense of smell can sniff out nearby items.
Your experience applies equally to all skills.


Message History

Found a triangular diamond amulet.
Things that are here:
a +0 club; a goblin corpse No target in view!
t - an amulet of faith No target in view!
No target in view!
Okay, then.
The ogre shouts!
Found 23 arrows.
Qnok's ghost turns its malevolent gaze towards you.
Found an escape hatch in the ceiling.
There is an escape hatch in the ceiling here.
Found a transporter.
Found 8 gold pieces.
There is a transporter here.
You enter the transporter and appear at another place.
An ogre comes into view. It is wielding a +0 giant spiked club.
The ogre shouts!
Found a transporter.
It was a potion of degeneration.
There was something very wrong with that liquid.
You feel weakened.
You feel dopey.
You feel clumsy.
It was a potion of magic.
Magic courses through your body.
Qnok's ghost laughs crazily.
It was a potion of brilliance.
You feel clever all of a sudden. The ogre closely misses you.
Qnok's ghost screams, "What do you have that I didn't have?"
Okay, then.
The ogre hits you with the +6 dire flail of Metwut {vamp, Int+4 Dex+7}!
As you read the scroll labelled ESYIGI ETWETI, it crumbles to dust.
It is a scroll of amnesia.
You feel forgetful for a moment.
The ogre hits you with a +0 giant spiked club!!
Ouch! That really hurt!
* * * LOW HITPOINT WARNING * * *
The ogre hits you with the +6 dire flail of Metwut {vamp, Int+4 Dex+7}!!
Ouch! That really hurt!
You die...

######.##♣..PP....#####....# #...
..#.....#♣..♣♣.#♣.♣..##.##.###...
.........♣..♣♣.................##
...........#######...........>..#
....†.....## ##....####.....#
.......>..# ##..#####..####
..........# #..........###
.........##################....#.
.........#.....O@...©### ##.##.#.
..#.....##.#..#O#..#.#.###.......
##♣.♣#####..##...##..#...........
# ♣.♣ #..##...##..####.###.... #
♣.♣ #.#..#.#..#.####.###[... ♣.♣
##....$(.....#..#........ ♣.♣
##############......#.### ##♣.♣
#.....©.©.....#...###.# ....#
####.#...#####....)...#


You could see 2 ogres.

Vanquished Creatures
  A necrophage (D:3)
  Terence (D:3)
  2 adders (D:2)
  2 dart slugs
  7 ball pythons
  4 endoplasms
  4 giant cockroaches
  2 goblins
  7 hobgoblins (D:1)
  6 bats
  3 frilled lizards
  7 kobolds
  12 rats
58 creatures vanquished.

Notes
Turn   | Place    | Note
-------+----------+-------------------------------------------
     0 | D:1      | Destapler the Gnoll Wanderer began the quest for the Orb.
     0 | D:1      | Destapler set off with the following items: a +0 club, 2
                  | potions of curing, a +2 scale mail
     0 | D:1      | Reached XP level 1. HP: 17/17 MP: 1/1
    64 | D:1      | Reached XP level 2. HP: 12/23 MP: 2/2
   738 | D:1      | Reached XP level 3. HP: 28/28 MP: 3/3
   761 | D:1      | Found a faded altar of an unknown god.
   777 | D:1      | Became a worshipper of Dithmenos the Shadowed
   777 | D:1      | Reached * piety under Dithmenos
  1146 | D:2      | Found Saoxkouf's Assorted Antiques.
  1157 | D:2      | Reached skill level 1 in Invocations
  1283 | D:2      | Found a shimmering altar of Xom.
  1542 | D:2      | Reached skill level 1 in Short Blades
  1542 | D:2      | Reached skill level 1 in Long Blades
  1542 | D:2      | Reached skill level 1 in Axes
  1542 | D:2      | Reached skill level 1 in Polearms
  1542 | D:2      | Reached skill level 1 in Staves
  1542 | D:2      | Reached skill level 1 in Slings
  1542 | D:2      | Reached skill level 1 in Bows
  1542 | D:2      | Reached skill level 1 in Crossbows
  1542 | D:2      | Reached skill level 1 in Throwing
  1542 | D:2      | Reached skill level 1 in Dodging
  1542 | D:2      | Reached skill level 1 in Unarmed Combat
  1542 | D:2      | Reached skill level 1 in Spellcasting
  1542 | D:2      | Reached skill level 1 in Evocations
  1672 | D:2      | Reached XP level 4. HP: 32/34 MP: 5/5
  1968 | D:3      | Noticed Terence
  1976 | D:3      | Killed Terence
  1977 | D:3      | Reached skill level 1 in Conjurations
  1977 | D:3      | Reached skill level 1 in Hexes
  1977 | D:3      | Reached skill level 1 in Summonings
  1977 | D:3      | Reached skill level 1 in Necromancy
  1977 | D:3      | Reached skill level 1 in Translocations
  1977 | D:3      | Reached skill level 1 in Transmutations
  1977 | D:3      | Reached skill level 1 in Fire Magic
  1977 | D:3      | Reached skill level 1 in Ice Magic
  1977 | D:3      | Reached skill level 1 in Air Magic
  1977 | D:3      | Reached skill level 1 in Earth Magic
  1977 | D:3      | Reached skill level 1 in Poison Magic
  2126 | D:3      | Noticed a necrophage
  2136 | D:3      | Killed a necrophage
  2137 | D:3      | Reached XP level 5. HP: 41/41 MP: 5/7
  2359 | D:3      | Identified the +6 dire flail of Metwut {vamp, Int+4 Dex+7}
  2359 | D:3      | Noticed an ogre
  2360 | D:3      | Noticed qnok's ghost (amateur DgFi)
  2372 | D:3      | Found a transporter.
  2385 | D:3      | Noticed an ogre
  2385 | D:3      | Found a transporter.
  2390 | D:3      | Demolished by an ogre

Illustrated notes

Levels and vault maps discovered:
D:1:      saegor_arrival_miasma, layout_basic, shapermc_ecumenical_altar_ellora,
          serial_bayou_pond_e
D:2:      layout_rooms, basic_altar, serial_shops, shop
D:3:      layout_rooms, gammafunk_ghost_smash, serial_forest,
          infiniplex_forest_corner_1, infiniplex_forest_clump_small,
          infiniplex_forest_pool, infiniplex_forest_zigzag_2,
          infiniplex_forest_pool, infiniplex_forest_lined_3,
          infiniplex_forest_straight_2, infiniplex_forest_lined_room_2,
          uniq_terence

Skill      XL: |  1  2  3  4 |
---------------+-------------+-----
Invocations    | 1 |  1.8
Short Blades   | 1 |  1.6
Long Blades    | 1 |  1.6
Axes           | 1 |  1.6
Polearms       | 1 |  1.6
Staves         | 1 |  1.6
Slings         | 1 |  1.6
Bows           | 1 |  1.6
Crossbows      | 1 |  1.6
Throwing       | 1 |  1.6
Dodging        | 1 |  1.6
Unarmed Combat | 1 |  1.6
Spellcasting   | 1 |  1.6
Evocations     | 1 |  1.6
Conjurations   | 1 |  1.2
Hexes          | 1 |  1.2
Summonings     | 1 |  1.2
Necromancy     | 1 |  1.2
Translocations | 1 |  1.2
Transmutations | 1 |  1.2
Fire Magic     | 1 |  1.2
Ice Magic      | 1 |  1.2
Air Magic      | 1 |  1.2
Earth Magic    | 1 |  1.2
Poison Magic   | 1 |  1.2
Fighting       | 3 |  3.0
Shields        | 3 |  3.0
Maces & Flails | |  8.6
Armour         | |  6.7
Stealth        | |  2.8

Action                   |  1- 3 |  4- 6 || total
-------------------------+-------+-------++-------
Melee: Club              |   150 |       ||   150
       Bite              |    12 |     5 ||    17
       Dagger            |    28 |    19 ||    47
       Falchion          |       |    11 ||    11
  Use: Potion            |     1 |     3 ||     4
       Scroll            |       |     1 ||     1
Armor: Scale mail        |   113 |    10 ||   123
Dodge: Dodged            |   105 |    10 ||   115
       Rpst.: Falchion   |       |     3 ||     3
